Get step-by-step instructions on how to execute this build order below. Start the game timer, and the build order will tick by so you can play in parallel with StarCraft on a second screen or mobile device.

Game Time

  0:00

Last Step

  N/A

Next Step

Upcoming Step



Don't want to look back and forth between 2 screens? Try out our Overwolf App, the Spawning Tool Build Advisor to get an in-game overlay with this build!

Complete Build Order

  12  0:00  Probe  
  13  0:12  Probe  
  14  0:21  Pylon  
  14  0:24  Probe  
  15  0:39  Gateway  
  15  0:40  Probe (Chrono Boost)  
  16  0:48  Probe (Chrono Boost)  
  17  0:53  Assimilator  
  17  0:54  Probe  
  18  1:06  Probe  
  20  1:18  Probe  
  20  1:26  Nexus  
  20  1:30  Probe  
  21  1:38  Cybernetics Core  
  21  1:43  Assimilator  
  21  1:46  Probe  
  22  1:54  Pylon  
  22  1:58  Probe  
  23  2:09  Probe  
  23  2:11  Adept (Chrono Boost)  
  26  2:17  Probe  
  26  2:22  Stargate  
  27  2:27  Probe (Chrono Boost)  
  28  2:34  Adept  
  28  2:35  Warp Gate  
  30  2:38  Probe (Chrono Boost)  
  32  2:45  Probe (Chrono Boost)  
  32  2:47  Probe (Chrono Boost)  
  34  2:51  Probe (Chrono Boost)  
  34  2:52  Probe (Chrono Boost)  
  35  3:03  Probe  
  35  3:04  Probe, Oracle (Chrono Boost), Adept  
  42  3:15  Probe  
  43  3:20  Probe  
  43  3:23  Pylon  
  43  3:25  Gateway  
  44  3:28  Probe  
  45  3:40  Probe  
  46  3:43  Nexus  
  46  3:44  Probe  
  46  3:46  Pylon  
  47  3:49  Oracle (Chrono Boost)  
  47  3:53  Probe  
  51  3:56  Probe  
  51  4:00  Assimilator  
  52  4:05  Probe  
  52  4:06  Pylon  
  52  4:10  Probe  
  52  4:15  Assimilator  
  52  4:17  Oracle (Chrono Boost), Probe  
  52  4:22  Probe  
  52  4:23  Adept x2  
  59  4:29  Probe  
  59  4:31  Twilight Council  
  60  4:33  Forge  
  60  4:34  Probe  
  61  4:41  Probe (Chrono Boost)  
  62  4:45  Pylon  
  62  4:53  Gateway  
  62  4:55  Gateway, Probe x2 (Chrono Boost)  
  65  5:00  Probe (Chrono Boost)  
  65  5:03  Probe (Chrono Boost)  
  65  5:04  Probe (Chrono Boost)  
  68  5:07  Probe (Chrono Boost)  
  68  5:09  Probe x2, Stalker  
  72  5:18  Probe  
  73  5:22  Protoss Ground Weapons Level 1, Probe (Chrono Boost)  
  73  5:23  Blink  
  73  5:26  Templar Archives, Probe (Chrono Boost)  
  73  5:28  Stalker  
  77  5:29  Shield Battery  
  77  5:34  Assimilator  
  79  5:36  Probe (Chrono Boost)  
  79  5:38  Assimilator, Probe (Chrono Boost)  
  79  5:40  Probe (Chrono Boost)  
  80  5:43  Probe (Chrono Boost)  
  80  5:44  Probe (Chrono Boost)  
  80  5:45  Stalker  
  80  5:46  Probe  
  85  5:52  Psionic Storm  
  85  5:54  Pylon  
  85  5:56  Pylon x2  
  85  5:57  Pylon  
  85  5:58  Pylon  
  85  6:09  Pylon  
  85  6:12  Probe x2  
  85  6:13  Nexus  
  85  6:18  Probe  
  88  6:19  High Templar x3  
  88  6:22  Stalker  
  96  6:30  Probe  
  96  6:31  Photon Cannon  
  97  6:39  Shield Battery  
  97  6:43  Pylon  
  97  6:45  Probe x2  
  97  6:46  Stalker  
  100  6:52  Zealot  
  102  6:54  High Templar x2  
  102  6:58  Probe  
  102  7:01  Gateway x2  
  107  7:03  Nexus, Gateway  
  107  7:05  Gateway  
  107  7:06  Photon Cannon  
  107  7:09  Robotics Facility  
  107  7:14  Pylon  
  107  7:15  High Templar x2  
  111  7:16  Probe  
  111  7:17  Probe  
  111  7:20  Pylon  
  111  7:21  Archon  
  113  7:29  Adept x2  
  117  7:34  Probe  
  113  7:42  Photon Cannon  
  113  7:44  Photon Cannon  
  113  7:48  Zealot x2  
  113  7:50  Zealot x2  
  121  7:51  Probe  
  118  7:59  Probe  
  118  8:02  Zealot x3  
  118  8:04  Probe  
  125  8:06  Photon Cannon, Shield Battery  
  125  8:08  Assimilator, Charge  
  125  8:10  Assimilator  
  125  8:12  High Templar x2  
  129  8:13  Probe  
  129  8:17  Probe x3  
  129  8:18  Archon  
  133  8:25  Probe  
  134  8:30  Observer  
  134  8:33  Stalker x2  
  134  8:34  Stalker x4  
  143  8:36  Probe  
  138  8:42  Archon  
  138  8:45  Archon  
  138  8:48  Stalker x2  
  128  8:49  Phoenix  
  112  8:58  Probe  
  112  9:01  Stalker x5  
  105  9:12  Stalker x2  
  103  9:23  Zealot, Probe x2  
  107  9:29  Probe x2  
  107  9:33  Zealot x5  
  114  9:39  Probe  
  114  9:42  High Templar  
  114  9:43  Probe  
  117  9:45  Zealot x2  
  117  9:47  Probe (Chrono Boost)  
  122  9:54  High Templar  
  122  9:55  Probe (Chrono Boost)  
  122  9:56  Probe (Chrono Boost)  
  122  9:57  Probe (Chrono Boost)  
  122  9:59  Probe (Chrono Boost)  
  128  10:03  Archon  
  128  10:05  Stalker x4  
  130  10:14  Zealot x3